 Dungeon Crawl Stone Soup version 0.22-a0-157-g169b76a (webtiles) character file.

842 mhoghedin the Insei (level 8, -3/60 HPs)
             Began as a Gnoll Transmuter on Feb 8, 2018.
             Was a Believer of Cheibriados.
             Slain by braks's ghost (5 damage)
             ... on level 3 of the Dungeon.
             The game lasted 00:09:13 (3074 turns).

mhoghedin the Insei (Gnoll Transmuter)              Turns: 3074, Time: 00:09:13

Health: -3/60      AC:  3    Str: 16    XL:     8   Next: 0%
Magic:  16/16      EV: 16    Int: 21    God:    Cheibriados [**....]
Gold:   201        SH:  0    Dex: 21    Spells: 8/18 levels left

rFire    + + .     SeeInvis .     - Unarmed
rCold    + . .     Gourm    .   (no shield)
rNeg     . . .     Faith    .   g - +1 robe {MR+}
rPois    .         Spirit   .   (no helmet)
rElec    .         Reflect  .   (no cloak)
rCorr    .         Harm     .   (no gloves)
MR       +....                  (no boots)
Stlth    +++.......             (no amulet)
HPRegen  0.20/turn              s - ring of wizardry {Wiz+, !d}
MPRegen  0.15/turn              h - ring of protection from fire {rF+, !d}

@: lethally poisoned (-3 -> -3), very slightly contaminated, very slow
A: distributed training, fangs 1, cold resistance 1, fire resistance 1, strong
nose
a: Bend Time, Renounce Religion


You were on level 3 of the Dungeon.
You worshipped Cheibriados.
Cheibriados was pleased with you.
You were not hungry.

You visited 1 branch of the dungeon, and saw 4 of its levels.

You collected 201 gold pieces.

Inventory:

Armour
 g - a +1 robe of magic resistance (worn)
   (You found it on level 1 of the Dungeon)
Jewellery
 h - a ring of protection from fire (right hand) {rF+, !d}
   (You found it on level 3 of the Dungeon)
 s - a ring of wizardry (left hand) {Wiz+, !d}
   (You found it on level 2 of the Dungeon)
Scrolls
 k - a scroll of blinking {!r}
 l - a scroll of teleportation
 q - a scroll of enchant armour
Potions
 a - a potion of mutation {!q}
 j - a potion of heal wounds
Books
 c - a book of Changes
Comestibles
 d - 6 rations


   Skills:
 + Level 3.8 Fighting
 + Level 2.8 Short Blades
 + Level 2.8 Long Blades
 + Level 2.8 Axes
 + Level 2.8 Maces & Flails
 + Level 2.8 Polearms
 + Level 2.8 Staves
 + Level 2.8 Slings
 + Level 2.8 Bows
 + Level 2.8 Crossbows
 + Level 2.8 Throwing
 + Level 2.8 Armour
 + Level 5.4 Dodging
 + Level 2.8 Stealth
 + Level 2.8 Shields
 + Level 7.1 Unarmed Combat
 + Level 5.8 Spellcasting
 + Level 2.2 Conjurations
 + Level 2.2 Hexes
 + Level 2.2 Charms
 + Level 2.2 Summonings
 + Level 2.2 Necromancy
 + Level 2.2 Translocations
 + Level 4.4 Transmutations
 + Level 2.2 Fire Magic
 + Level 2.2 Ice Magic
 + Level 2.2 Air Magic
 + Level 2.2 Earth Magic
 + Level 2.2 Poison Magic
 + Level 3.1 Invocations
 + Level 2.8 Evocations


You had 8 spell levels left.
You knew the following spells:

 Your Spells              Type           Power        Failure   Level  Hunger
a - Beastly Appendage     Tmut           ###...       1%          1    None
b - Ice Form              Ice/Tmut       ###.....     10%         4    ####...
c - Spider Form           Tmut/Pois      ###.......   3%          3    ##.....
s - Sticks to Snakes      Tmut           ###.....     1%          2    None


Dungeon Overview and Level Annotations

Branches:
Dungeon (4/15)
 Temple: D:4-7

Altars:
Cheibriados

Annotations:
D:3 braks's ghost, amateur DrTm


Innate Abilities, Weirdness & Mutations

Your experience applies equally to all skills.
You have very sharp teeth.
Your uncanny sense of smell can sniff out nearby items.
Your flesh is cold resistant. (rC+)
Your flesh is heat resistant. (rF+)


Message History

The centaur skeleton hits you.
The worker ant barely misses something.
Something hits the worker ant.
The worker ant dies!
The centaur skeleton hits you.
You take 4 damage, and have 21/63 hp.
You hit the centaur skeleton.
You destroy the centaur skeleton!
Cheibriados appreciates the change of pace.
You swap places.
Things that are here:
a whip of flaming; a robe; the big kobold corpse of Pikel You start resting.
A ball python comes into view.
Unknown command.
A ball python is nearby!
Unknown command.
A ball python is nearby!
Unknown command.
Okay, then.
Unknown command.
There is a stone staircase leading up here.
You see here a worker ant corpse.
Your transformation is almost over.
A worker ant comes into view.
Unknown command.
Items here: ( ) ? † a scroll labeled ZEQ TINOTIBY; 3 stones; a short sword; a kobold corpse A worker ant is nearby!
The freed slave looks more healthy.
You warm up again.
Your +1 robe of magic resistance unmelds from your body.
You feel resistant to hostile enchantments.
You now have 21/53 hp.
You see here a potion of mutation {!q}.
a - a potion of mutation {!q} You start resting.
You regained 5 hp, and now have 27/53 hp.
MP restored: 15 Unknown command.
A worker ant is nearby!
Unknown command.
The worker ant twitches its antennae in your direction.
You eat one of the 7 rations.
That ration really hit the spot!
The worker ant bites you. The worker ant completely misses you.
You take 6 damage, and have 22/53 hp.
You punch the worker ant!
The worker ant bites you but does no damage.
You hit the worker ant. The worker ant bites you.
You are poisoned.
The worker ant poisons you!
You take 5 damage, and have 17/53 hp.
You hit the worker ant but do no damage.
You feel sick. The worker ant barely misses you.
The worker ant closely misses you.
You take 1 damage, and have 16/53 hp.
You hit the worker ant. The worker ant completely misses you.
You hit the worker ant but do no damage.
You feel sick. The worker ant barely misses you.
You take 1 damage, and have 16/53 hp.
You hit the worker ant.
You kill the worker ant!
Cheibriados thoroughly appreciates the change of pace.
You have reached level 8!
You feel agile.
You regained 2 hp, and now have 18/60 hp.
MP restored: 16 You start resting.
You feel sick. x2
A giant cockroach comes into view.
You take 1 damage, and have 17/60 hp.
You feel sick.
An orc comes into view. It is wielding a club.
The orc shouts!
You hit the giant cockroach.
You kill the giant cockroach!
Cheibriados thoroughly appreciates the change of pace.
You hear a shout!
The orc throws a tomahawk.
The tomahawk misses you.
An orc priest comes into view. It is wielding a whip.
An orc comes into view.
You feel sick.
The orc priest calls down the wrath of Beogh upon you.
Beogh smites you!
* * * LOW HITPOINT WARNING * * *
The orc throws a tomahawk.
The tomahawk completely misses you.
You take 12 damage, and have 5/60 hp.
Unknown command.
Unknown command.
Unknown command.
Really read
k - 2 scrolls of blinking {!r}?
Blink to where?
You are very lightly contaminated with residual magic.
As you read the scroll of blinking {!r}, it crumbles to dust.
An orc comes into view. It is wielding a club.
The orc throws a tomahawk.
The tomahawk hits you.
* * * LOW HITPOINT WARNING * * *
You climb upwards.
Level annotation: braks's ghost, amateur DrTm You feel sick.
Braks's ghost hits you.
You die...

#....##........#
###.#.....# ...#.#
#........# #...###..÷## .#
#. #........###...##......
# #.................#....
#.........##...####....
#.........##...........
#.........##...####....
##......W..##...####....
.....)...@>...............
###############...########
#####


You could see braks's ghost.

Vanquished Creatures
  Pikel (D:4)
  An ice beast (D:3)
  A hound (D:4)
  A centaur skeleton (D:4)
  2 orc wizards (D:3)
  Natasha (D:2)
  A worker ant (D:4)
  3 adders
  An ooze (D:1)
  A worm (D:3)
  2 dart slugs
  A leopard gecko (D:3)
  7 orcs (D:3)
  5 giant cockroaches
  5 goblins
  5 hobgoblins
  7 jackals
  4 bats
  3 frilled lizards
  4 kobolds
  7 rats
63 creatures vanquished.

Vanquished Creatures (collateral kills)
  An orc priest (D:3)
  Natasha (twice) (D:2)
  An adder (D:3)
4 creatures vanquished.

Vanquished Creatures (others)
  2 worker ants (D:4)
  An adder skeleton (D:4)
3 creatures vanquished.

Grand Total: 70 creatures vanquished

Notes
Turn   | Place    | Note
-------+----------+-------------------------------------------
     0 | D:1      | mhoghedin the Gnoll Transmuter began the quest for the Orb.
     0 | D:1      | Reached XP level 1. HP: 17/17 MP: 6/6
   182 | D:1      | Reached XP level 2. HP: 17/23 MP: 7/7
   202 | D:1      | Learned a level 2 spell: Sticks to Snakes
   365 | D:1      | Found a snail-covered altar of Cheibriados.
   816 | D:1      | Became a worshipper of Cheibriados the Contemplative
   930 | D:2      | Found a faded altar of an unknown god.
   941 | D:2      | Reached XP level 3. HP: 27/28 MP: 9/9
  1005 | D:2      | Reached skill level 5 in Spellcasting
  1250 | D:2      | Reached skill level 1 in Invocations
  1545 | D:2      | Reached skill level 1 in Short Blades
  1545 | D:2      | Reached skill level 1 in Long Blades
  1545 | D:2      | Reached skill level 1 in Axes
  1545 | D:2      | Reached skill level 1 in Maces & Flails
  1545 | D:2      | Reached skill level 1 in Polearms
  1545 | D:2      | Reached skill level 1 in Staves
  1545 | D:2      | Reached skill level 1 in Slings
  1545 | D:2      | Reached skill level 1 in Bows
  1545 | D:2      | Reached skill level 1 in Crossbows
  1545 | D:2      | Reached skill level 1 in Throwing
  1545 | D:2      | Reached skill level 1 in Armour
  1545 | D:2      | Reached skill level 1 in Stealth
  1545 | D:2      | Reached skill level 1 in Shields
  1545 | D:2      | Reached skill level 1 in Evocations
  1689 | D:2      | Reached * piety under Cheibriados
  1691 | D:2      | Reached XP level 4. HP: 33/34 MP: 11/11
  1748 | D:2      | Noticed Natasha
  1762 | D:2      | Killed Natasha
  1872 | D:2      | Noticed Natasha
  1881 | D:2      | Killed Natasha
  1919 | D:2      | Noticed Natasha
  1928 | D:3      | Noticed braks's ghost (amateur DrTm)
  1936 | D:3      | Gained mutation: Potions are less effective at restoring your health. [potion of mutation]
  1936 | D:3      | Gained mutation: You have a pair of small antennae on your head. [potion of mutation]
  1941 | D:3      | HP: 5/34 [braks's ghost (9)]
  1949 | D:2      | HP: 3/34 [Natasha (3)]
  1969 | D:2      | Killed Natasha
  1969 | D:2      | Reached skill level 1 in Conjurations
  1969 | D:2      | Reached skill level 1 in Hexes
  1969 | D:2      | Reached skill level 1 in Charms
  1969 | D:2      | Reached skill level 1 in Summonings
  1969 | D:2      | Reached skill level 1 in Necromancy
  1969 | D:2      | Reached skill level 1 in Translocations
  1969 | D:2      | Reached skill level 1 in Fire Magic
  1969 | D:2      | Reached skill level 1 in Ice Magic
  1969 | D:2      | Reached skill level 1 in Air Magic
  1969 | D:2      | Reached skill level 1 in Earth Magic
  1969 | D:2      | Reached skill level 1 in Poison Magic
  2226 | D:2      | Learned a level 3 spell: Spider Form
  2231 | D:2      | Learned a level 4 spell: Ice Form
  2483 | D:3      | Reached XP level 5. HP: 22/40 MP: 8/12
  2684 | D:3      | Reached skill level 3 in Fighting
  2684 | D:3      | Reached skill level 4 in Transmutations
  2725 | D:3      | Reached ** piety under Cheibriados
  2890 | D:3      | Lost mutation: You have a pair of small antennae on your head. [potion of mutation]
  2890 | D:3      | Lost mutation: Potions are less effective at restoring your health. [potion of mutation]
  2890 | D:3      | Gained mutation: Your flesh is cold resistant. (rC+) [potion of mutation]
  2890 | D:3      | Gained mutation: Your flesh is heat resistant. (rF+) [potion of mutation]
  2924 | D:4      | Noticed an ice beast
  2926 | D:4      | Noticed a slave
  2929 | D:4      | Noticed Pikel
  2929 | D:4      | Noticed a slave
  2932 | D:4      | Noticed a slave
  2938 | D:3      | Killed an ice beast
  2938 | D:3      | Reached skill level 2 in Invocations
  2938 | D:3      | Reached XP level 6. HP: 33/47 MP: 2/14
  2985 | D:4      | Noticed a slave
  2998 | D:4      | Killed Pikel
  2998 | D:4      | Reached skill level 2 in Short Blades
  2998 | D:4      | Reached skill level 2 in Long Blades
  2998 | D:4      | Reached skill level 2 in Axes
  2998 | D:4      | Reached skill level 2 in Maces & Flails
  2998 | D:4      | Reached skill level 2 in Polearms
  2998 | D:4      | Reached skill level 2 in Staves
  2998 | D:4      | Reached skill level 2 in Slings
  2998 | D:4      | Reached skill level 2 in Bows
  2998 | D:4      | Reached skill level 2 in Crossbows
  2998 | D:4      | Reached skill level 2 in Throwing
  2998 | D:4      | Reached skill level 2 in Armour
  2998 | D:4      | Reached skill level 5 in Dodging
  2998 | D:4      | Reached skill level 2 in Stealth
  2998 | D:4      | Reached skill level 2 in Shields
  2998 | D:4      | Reached skill level 7 in Unarmed Combat
  2998 | D:4      | Reached skill level 2 in Conjurations
  2998 | D:4      | Reached skill level 2 in Hexes
  2998 | D:4      | Reached skill level 2 in Charms
  2998 | D:4      | Reached skill level 2 in Summonings
  2998 | D:4      | Reached skill level 2 in Necromancy
  2998 | D:4      | Reached skill level 2 in Translocations
  2998 | D:4      | Reached skill level 2 in Fire Magic
  2998 | D:4      | Reached skill level 2 in Ice Magic
  2998 | D:4      | Reached skill level 2 in Air Magic
  2998 | D:4      | Reached skill level 2 in Earth Magic
  2998 | D:4      | Reached skill level 2 in Poison Magic
  2998 | D:4      | Reached skill level 3 in Invocations
  2998 | D:4      | Reached skill level 2 in Evocations
  2998 | D:4      | Reached XP level 7. HP: 29/53 MP: 7/15
  3060 | D:4      | Reached XP level 8. HP: 18/60 MP: 16/16
  3071 | D:4      | HP: 5/60 [orc priest/divine providence (12)]
  3074 | D:3      | HP: 2/60 [poisoned by a worker ant]
  3074 | D:3      | Slain by braks's ghost

Vault maps used:
D:1:      dpeg_arrival_concentric_ovals, kennysheep_minor_cross,
          cheibriados_altar_1
D:2:      chequers_ecumenical_altar_simple, uniq_natasha
D:3:      first_ration, led_sif_book
D:4:      temple_hall, uniq_pikel

Skill      XL: |  1  2  3  4  5  6 |
---------------+-------------------+-----
Spellcasting   | 5 |  5.8
Invocations    | 1 2 3 |  3.1
Short Blades   | 1 2 |  2.8
Long Blades    | 1 2 |  2.8
Axes           | 1 2 |  2.8
Maces & Flails | 1 2 |  2.8
Polearms       | 1 2 |  2.8
Staves         | 1 2 |  2.8
Slings         | 1 2 |  2.8
Bows           | 1 2 |  2.8
Crossbows      | 1 2 |  2.8
Throwing       | 1 2 |  2.8
Armour         | 1 2 |  2.8
Stealth        | 1 2 |  2.8
Shields        | 1 2 |  2.8
Evocations     | 1 2 |  2.8
Conjurations   | 1 2 |  2.2
Hexes          | 1 2 |  2.2
Charms         | 1 2 |  2.2
Summonings     | 1 2 |  2.2
Necromancy     | 1 2 |  2.2
Translocations | 1 2 |  2.2
Fire Magic     | 1 2 |  2.2
Ice Magic      | 1 2 |  2.2
Air Magic      | 1 2 |  2.2
Earth Magic    | 1 2 |  2.2
Poison Magic   | 1 2 |  2.2
Fighting       | 3 |  3.8
Transmutations | 4 |  4.4
Dodging        | 5 |  5.4
Unarmed Combat | 7 |  7.1

Action                   |  1- 3 |  4- 6 |  7- 9 || total
-------------------------+-------+-------+-------++-------
Melee: Unarmed           |    76 |    79 |    10 ||   165
       Bite              |     5 |     2 |       ||     7
       Punch             |     4 |     1 |       ||     5
 Cast: Beastly Appendage |     3 |     2 |       ||     5
       Sticks to Snakes  |       |    17 |       ||    17
       Spider Form       |       |     8 |       ||     8
       Ice Form          |       |     2 |       ||     2
Invok: Bend Time         |       |     3 |       ||     3
  Use: Scroll            |     2 |     2 |     1 ||     5
       Potion            |       |     9 |       ||     9
 Stab: Sleeping          |     2 |     1 |       ||     3
       Invisible         |       |     2 |       ||     2
  Eat: Chunk             |     3 |     2 |       ||     5
       Ration            |       |       |     1 ||     1
Armor: Robe              |     1 |     1 |     1 ||     3
       Skin              |       |     4 |       ||     4
Dodge: Dodged            |    57 |    86 |     8 ||   151

Table legend:
 A = Spawn XP
 B = Non-spawn XP
 C = Spawn XP percentage of total XP
 D = Spawn monster count
 E = Non-spawn monster count
 F = Spawn count percentage of total count
 G = Total turns spent on level
                    A         B        C        D         E        F      G
               +---------+---------+-------+---------+---------+-------+---------
         Total |       0 |    1203 |   0.0 |       0 |      67 |   0.0 |  3074
               +---------+---------+-------+---------+---------+-------+---------
           D:1 |       0 |      25 |   0.0 |       0 |      13 |   0.0 |   930
           D:2 |       0 |     114 |   0.0 |       0 |      25 |   0.0 |  1304
           D:3 |       0 |     297 |   0.0 |       0 |      23 |   0.0 |   740
           D:4 |       0 |     767 |   0.0 |       0 |       6 |   0.0 |   100
               +---------+---------+-------+---------+---------+-------+---------

Vault maps used:
D:1:      dpeg_arrival_concentric_ovals, kennysheep_minor_cross,
          cheibriados_altar_1
D:2:      chequers_ecumenical_altar_simple, uniq_natasha
D:3:      first_ration, led_sif_book
D:4:      temple_hall, uniq_pikel

Table legend:
 A = Turns spent in this place as a percentage of turns spent in the entire game.
 B = Non-inter-level travel turns spent in this place as a percentage of non-inter-level travel turns spent in the entire game.
 C = Inter-level travel turns spent in this place as a percentage of turns spent in this place.
 D = Turns resting spent in this place as a percentage of non-inter-level travel turns spent in this place.
 E = Turns spent auto-exploring this place as a percentage of non-inter-level travel turns spent in this place.
 F = Non-inter-level travel turns spent in this place divided by the number of levels of this place that you've seen.
                   A       B       C       D       E      F
               +-------+-------+-------+-------+-------+----------------------
         Total | 100.0 | 100.0 |   3.1 |  31.0 |  48.2 | 744.8
       Dungeon | 100.0 | 100.0 |   3.1 |  31.0 |  48.2 | 744.8
               +-------+-------+-------+-------+-------+----------------------

Table legend:
 A = Kills in this place as a percentage of kills in entire the game.
 B = Kills by you in this place as a percentage of kills by you in the entire game.
 C = Kills by friends in this place as a percentage of kills by friends in the entire game.
 D = Other kills in this place as a percentage of other kills in the entire game.
 E = Experience gained in this place as a percentage of experience gained in the entire game.
 F = Experience gained in this place divided by the number of levels of this place that you have seen.
                   A       B       C       D       E      F
               +-------+-------+-------+-------+-------+----------------------
         Total | 100.0 | 100.0 | 100.0 |   N/A | 100.0 | 300.8
       Dungeon | 100.0 | 100.0 | 100.0 |   N/A | 100.0 | 300.8
               +-------+-------+-------+-------+-------+----------------------
